Unix NetHack Version 5.0.0-0 post-release - last build May 31 2026 23:59:36 (970b52f25bf058293b47ddfd14a1e40e571c508c,branch:main).

Game began 2026-06-05 09:53:38, ended 2026-06-05 11:40:24.

FutureTim, lawful female human Valkyrie

                                           ---------     ---
                                           |.......|      ..
                                           |.."---.-------.|
                                           |.%.....%....%..|
                                           |.-------...-.---
                                           |.| |...|......
                                           |----.-.|^.....
                                           |............
                         -----             |.---.......
                         |...|             |.| |......
                         |.|.|           ---.|--.-.-+..
                     ..| |.|*|           ....|*.........
                   |...--|.|.-------------.-.|.-----@..-
                   |.....|.|.......|.....|...|...| |.+..
                 ---...|.|.|--.---%|.---.|.|.|.--- ----
                 |.....|...|...|.....|...| |...|
                 ---.|.|.{...---%----|%-----...|
                 ....|*......|.....| |.........|
                 ------------------- -----------
FutureTim the Fighter       St:18/01 Dx:11 Co:18 In:10 Wi:8 Ch:7  Lawful
Dlvl:11 $:145 HP:0(77) Pw:18(18) AC:-11 Xp:8 T:4782  Satiated

Latest messages:
 You see here a kobold corpse.
 The giant mummy hits!
 The giant mummy knocks you backward with a forceful blow!
 You stagger...
 What do you want to use or apply? [fi-kprtyDFMNRT or ?*] <enter>
 Never mind.
 What do you want to zap? [fjMR or ?*] M
 In what direction? .
 You feel a bit steadier now.
 You hit the giant mummy!
 The giant mummy hits!
 The giant mummy misses!
 You hit the giant mummy!
 The giant mummy hits!
 The giant mummy misses!
 You hit the giant mummy!
 The giant mummy misses!
 The giant mummy hits!
 What do you want to wield? [- bpw or ?*] w
 You are already wielding that!
 You hit the giant mummy!
 You destroy the giant mummy!
 There are several objects here.
 You hear bubbling water.
 You see here a red gem.
 The ettin mummy hits!
 The ettin mummy hits again!
 The ettin mummy misses!
 The ettin mummy hits!
 The ettin mummy hits!
 The ettin mummy misses!
 You see here 2 green gems.
 You hit the crocodile!
 The crocodile misses!
 The crocodile misses!
 You hit the crocodile!
 The crocodile bites!
 The crocodile misses!
 Your candle is getting short.
 You hit the crocodile!
 You kill the crocodile!
 The kobold mummy misses!
 The ettin zombie hits!
 The ettin zombie hits again!
 You see here a kobold corpse.
 The ghoul hits!
 The ghoul misses!
 KAABLAMM!!!  You triggered a land mine!
 You die...
 Do you want your possessions identified? [ynq] (y) q

Inventory:
 Coins    ('$')
  $ - 145 gold pieces
 Amulets  ('"')
  Q - an uncursed amulet of magical breathing
 Weapons  (')')
  b - 6 +0 daggers (alternate weapons; not wielded)
  w - a +2 spear (weapon in right hand)
 Armor    ('[')
  n - an uncursed +0 dwarvish iron helm (being worn)
  v - an uncursed +0 pair of leather gloves
  B - an uncursed +0 pair of high boots (being worn)
  c - a blessed +4 small shield (being worn)
  H - a blessed rotproof +3 silver dragon scale mail (being worn)
 Comestibles  ('%')
  d - 3 uncursed food rations
  K - an uncursed food ration
  G - 3 uncursed tripe rations
 Scrolls  ('?')
  s - 2 uncursed scrolls of blank paper
  u - an uncursed scroll of enchant weapon
  x - a cursed scroll of teleportation
 Potions  ('!')
  U - a cursed potion of object detection
 Rings    ('=')
  A - an uncursed ring of cold resistance
 Wands    ('/')
  R - a wand of digging (0:6)
  f - a wand of enlightenment (0:11)
  j - a wand of light (0:15)
  M - a wand of make invisible (0:5)
 Tools    ('(')
  r - an empty uncursed bag of holding
  D - an uncursed brass lantern
  T - an expensive camera (0:49)
  N - an uncursed mirror
  F - a blessed oil lamp (lit)
  p - a +0 pick-axe
  k - an uncursed skeleton key
  i - an uncursed stethoscope
  y - an uncursed partly used tallow candle (lit)
  t - an uncursed tin whistle

FutureTim the Valkyrie's attributes:

Background:
 You were a Fighter, a level 8 human Valkyrie.
 You were lawful, on a mission for Tyr
 who was opposed by Odin (neutral) and Loki (chaotic).
 You were right-handed.
 You were in the Gnomish Mines, on level 11.
 You entered the dungeon 4782 turns ago.
 You had 2464 experience points, 96 more were needed to attain level 9.

Basics:
 You had 0 out of 77 hit points.
 You had all 18 energy points (spell power).
 Your armor class was -11.
 Your wallet contained 145 zorkmids.
 Autopickup was off.

Final Characteristics:
 Your strength was 18/01 (limit:18/100).
 Your dexterity was 11 (base:12, peak:13, limit:18).
 Your constitution was 18 (limit:18).
 Your intelligence was 10 (limit:18).
 Your wisdom was 8 (limit:18).
 Your charisma was 7 (limit:18).

Final Status:
 You had wounded legs.
 You were satiated.
 You were unencumbered.
 You were wielding a spear.
 You were skilled in spear and could have enhanced that.

Final Attributes:
 You were piously aligned.
 You were cold resistant.
 You were stealthy.
 You were fast.
 You had reflection.
 You are dead.

Miscellaneous:
 You encountered 1 bones level.
 Total elapsed playing time was 1 hour, 35 minutes and 57 seconds.

Major events:
 Turn
    1: FutureTim the lawful human Valkyrie entered the dungeon
  137: attained the rank of Skirmisher (level 3)
 1225: entered the Gnomish Mines
 1963: attained the rank of Fighter (level 6)
 2967: reached Mine Town
 3353: made her first wish - "blessed +3 rotproof silver dragon scale mail", got "a silver dragon scale mail"
 4782: killed by a land mine

You didn't know any spells.

Skills:
 Fighting Skills
   bare handed combat [Unskilled]
   two weapon combat  [Unskilled]
   riding             [Unskilled]
 Weapon Skills
   dagger             [Basic]
   axe                [Unskilled]
   pick-axe           [Unskilled]
   short sword        [Unskilled]
   broadsword         [Unskilled]
   long sword         [Unskilled]
   two-handed sword   [Unskilled]
   saber              [Unskilled]
   hammer             [Unskilled]
   quarterstaff       [Unskilled]
   polearms           [Unskilled]
   spear              [Skilled]
   trident            [Unskilled]
   lance              [Unskilled]
   sling              [Unskilled]
 Spellcasting Skills
   attack spells      [Unskilled]
   escape spells      [Unskilled]

Voluntary challenges:
 Character rerolling was not enabled.
 You never genocided any monsters.
 You never polymorphed an object.
 You never changed form.
 You used 1 wish.
 You did not wish for any artifacts.
Achievements:
 You attained the rank of Skirmisher.
 You entered the Gnomish Mines.
 You attained the rank of Fighter.
 You entered Minetown.
 You entered a shop.
 You entered a temple.

 The Dungeons of Doom: levels 1 to 3
    Level 1:
       A fountain.
    Level 2:
       A fountain.
    Level 3:
       Stairs down to The Gnomish Mines.
 The Gnomish Mines: levels 4 to 11
    Level 4:
    Level 5:
    Level 6:
    Level 7:
       Many shops, a temple and an altar to Tyr, some fountains, a sink.
    Level 8:
    Level 9:
    Level 10:
       Final resting place for
          lonefox256-Ran-Orc-Mal-Cha, killed by an elf mummy.
    Level 11: <- You were here.
       A fountain.
       Final resting place for
          you, killed by a land mine.


Vanquished creatures:
  a frost giant
  a large mimic
  a giant mummy
  2 wargs
  a small mimic
  a flaming sphere
 an elf mummy
  a pit viper
 an ettin zombie
  a crocodile
  a giant beetle
  a wolf
 an orc-captain
  2 giant spiders
  a scorpion
  a gnome ruler
 an orc mummy
  2 Green-elves
  a snake
  a Mordor orc
 an Uruk-hai
 an orc shaman
  a rock piercer
  a rock mole
  3 fog clouds
  2 yellow lights
  a violet fungus
 12 gnome leaders
  3 gnomish wizards
  a kobold mummy
  a ghoul
  a paper golem
  3 giant ants
  a kitten
  3 dwarves
  a homunculus
  a hill orc
  a giant bat
  3 monkeys
  a wererat
  a werejackal
 14 killer bees
 an acid blob
  a coyote
  6 manes
  2 large kobolds
  3 hobgoblins
  2 giant rats
  2 cave spiders
  a brown mold
  2 yellow molds
  a green mold
 46 gnomes
  2 gnome zombies
  a gecko
  8 jackals
  2 goblins
  5 grid bugs
  2 lichens
  2 newts
169 creatures vanquished.

No species were genocided or became extinct.

Game over:
                       ----------
                      /          \
                     /    REST    \
                    /      IN      \
                   /     PEACE      \
                  /                  \
                  |    FutureTim     |
                  |      145 Au      |
                  | killed by a land |
                  |       mine       |
                  |                  |
                  |                  |
                  |       2026       |
                 *|     *  *  *      | *
        _________)/\\_//(\/(/\)/\//\/|_)_______

Farvel FutureTim the Valkyrie...

You died in The Gnomish Mines on dungeon level 11 with 10517 points,
and 145 pieces of gold, after 4782 moves.
You were level 8 with a maximum of 77 hit points when you died.

